| TOP OF THE 1ST |
|
Memphis Blues batting - Pitching for Round Rock Express : RHP Jesus Laguna
|
|
Pitching: RHP Jesus Laguna
|
|
|
Batting: RHB Mariano Duncan
|
0-0: Foul Ball, location: 2F 0-1: Swinging Strike 0-2: Strikes out looking
|
|
Batting: LHB John Robbins
|
0-0: Foul Ball, location: 2F 0-1: Foul Ball, location: 2F 0-2: Ball 1-2: Ball 2-2: Ball 3-2: SINGLE (Groundball, 4MD, EV 95.6 MPH)
|
|
Batting: LHB David Christianson
|
0-0: Fly out, F8 (Flyball, 8RD, EV 93.8 MPH)
|
|
Batting: RHB Chris James
|
0-0: Foul Ball, location: 2F 0-1: Ball 1-1: Foul Ball, location: 2F 1-2: Ball 2-2: Ball 3-2: SINGLE (Flyball, 6MD, EV 95.6 MPH) John Robbins to second John Robbins to third
|
|
Batting: LHB Don Jacoby
|
0-0: Ball 1-0: Ball 2-0: Ball 3-0: Called Strike 3-1: Base on Balls Chris James to second
|
|
Batting: RHB Augustine Garrett
|
0-0: Foul Ball, location: 2F 0-1: Ball 1-1: Swinging Strike 1-2: Ball 2-2: Strikes out swinging
|
| Top of the 1st over - 0 runs, 2 hits, 0 errors, 3 left on base; Memphis 0 - Round Rock 0 |
| BOTTOM OF THE 1ST |
|
Round Rock Express batting - Pitching for Memphis Blues : RHP Salvador Flores
|
|
Pitching: RHP Salvador Flores
|
|
|
Batting: LHB Steve Lyons
|
0-0: Ball 1-0: Swinging Strike 1-1: Reached on error, E4 (Groundball, 4, EV 88.1 MPH)
|
|
Batting: LHB Luis Armijo
|
0-0: Foul Ball, location: 2F 0-1: Ball 1-1: Swinging Strike 1-2: Strikes out looking
|
|
Batting: RHB Alejandro Sanchez
|
0-0: Ball Steve Lyons is caught stealing 2nd base 2-4 1-0: Swinging Strike 1-1: Swinging Strike 1-2: Ball 2-2: Foul Ball, location: 2F 2-2: Strikes out looking
|
| Bottom of the 1st over - 0 runs, 0 hits, 1 error, 0 left on base; Memphis 0 - Round Rock 0 |
| TOP OF THE 2ND |
|
Memphis Blues batting - Pitching for Round Rock Express : RHP Jesus Laguna
|
|
Batting: RHB Dave Penniall
|
0-0: Called Strike 0-1: Foul Ball, location: 2F 0-2: Strikes out swinging
|
|
Batting: RHB Bradley Shames
|
0-0: Called Strike 0-1: Foul Ball, location: 2F 0-2: Strikes out swinging
|
|
Batting: RHB William Muth
|
0-0: Fly out, F7 (Flyball, 7, EV 90.0 MPH)
|
| Top of the 2nd over - 0 runs, 0 hits, 0 errors, 0 left on base; Memphis 0 - Round Rock 0 |
| BOTTOM OF THE 2ND |
|
Round Rock Express batting - Pitching for Memphis Blues : RHP Salvador Flores
|
|
Batting: LHB Al Chambers
|
0-0: Ball 1-0: Ball 2-0: Ball 3-0: Base on Balls
|
|
Batting: RHB Martyn Maxwell
|
0-0: Ball Al Chambers steals 2nd base (no throw) 1-0: Ball 2-0: Ball 3-0: Called Strike 3-1: Called Strike 3-2: Base on Balls
|
|
Batting: LHB Dave Sanchez
|
0-0: Swinging Strike 0-1: Ball 1-1: Ball 2-1: Ball 3-1: Swinging Strike 3-2: Foul Ball, location: 2F 3-2: DOUBLE (Groundball, 5L, EV 103.8 MPH) Al Chambers scores Martyn Maxwell to third Martyn Maxwell scores
|
|
Batting: RHB Gerald Miller
|
0-0: Foul Ball, location: 2F 0-1: Fly out, F8 (Flyball, 8LS, EV 84.4 MPH)
|
|
Batting: LHB James Jennings
|
0-0: Ball 1-0: Swinging Strike 1-1: Swinging Strike 1-2: Foul Ball, location: 2F 1-2: Ball 2-2: Ball 3-2: Foul Ball, location: 2F 3-2: Base on Balls
|
|
Batting: RHB Mike Sodders
|
0-0: Called Strike 0-1: Foul Ball, location: 2F 0-2: Grounds into double play, 4-6-3 (Groundball, 4, EV 93.8 MPH)
|
| Bottom of the 2nd over - 2 runs, 1 hit, 0 errors, 1 left on base; Memphis 0 - Round Rock 2 |
| TOP OF THE 3RD |
|
Memphis Blues batting - Pitching for Round Rock Express : RHP Jesus Laguna
|
|
Batting: RHB Mariano Duncan
|
0-0: Ball 1-0: Ball 2-0: Ball 3-0: Base on Balls
|
|
Batting: LHB John Robbins
|
0-0: Ball 1-0: Ball 2-0: Called Strike 2-1: Foul Ball, location: 2F 2-2: Foul Ball, location: 2F 2-2: Ball 3-2: Grounds into double play, 6-4-3 (Groundball, 6M, EV 81.3 MPH)
|
|
Batting: LHB David Christianson
|
0-0: Ball 1-0: Foul Ball, location: 2F 1-1: Foul Ball, location: 2F 1-2: Ball 2-2: Ball 3-2: Base on Balls
|
|
Batting: RHB Chris James
|
0-0: Fielders Choice at 2nd, U4 (Groundball, 4M, EV 85.0 MPH)
|
| Top of the 3rd over - 0 runs, 0 hits, 0 errors, 1 left on base; Memphis 0 - Round Rock 2 |
| BOTTOM OF THE 3RD |
|
Round Rock Express batting - Pitching for Memphis Blues : RHP Salvador Flores
|
|
Batting: LHB Steve Lyons
|
0-0: Called Strike 0-1: Swinging Strike 0-2: Foul Ball, location: 2F 0-2: Foul Ball, location: 2F 0-2: Fly out, F7 (Line Drive, 7, EV 93.8 MPH)
|
|
Batting: LHB Luis Armijo
|
0-0: Swinging Strike 0-1: Ball 1-1: Called Strike 1-2: Ball 2-2: Ball 3-2: Strikes out looking
|
|
Batting: RHB Alejandro Sanchez
|
0-0: Ground out 4-3 (Groundball, 34, EV 101.9 MPH)
|
| Bottom of the 3rd over - 0 runs, 0 hits, 0 errors, 0 left on base; Memphis 0 - Round Rock 2 |
| TOP OF THE 4TH |
|
Memphis Blues batting - Pitching for Round Rock Express : RHP Jesus Laguna
|
|
Batting: LHB Don Jacoby
|
0-0: Called Strike 0-1: Ball 1-1: Foul Ball, location: 2F 1-2: Ground out 4-3 (Groundball, 4, EV 80.0 MPH)
|
|
Batting: RHB Augustine Garrett
|
0-0: Ball 1-0: Ball 2-0: Ball 3-0: Base on Balls
|
|
Batting: RHB Dave Penniall
|
0-0: Called Strike 0-1: Ball Augustine Garrett is caught stealing 2nd base 2-4 1-1: Ground out 4-3 (Groundball, 4, EV 81.3 MPH)
|
| Top of the 4th over - 0 runs, 0 hits, 0 errors, 0 left on base; Memphis 0 - Round Rock 2 |
| BOTTOM OF THE 4TH |
|
Round Rock Express batting - Pitching for Memphis Blues : RHP Salvador Flores
|
|
Batting: LHB Al Chambers
|
0-0: Foul Ball, location: 2F 0-1: Ball 1-1: SOLO HOME RUN (Flyball, 9D, EV 96.9 MPH), Distance : 349 ft
|
|
Batting: RHB Martyn Maxwell
|
0-0: Called Strike 0-1: Called Strike 0-2: Foul Ball, location: 2F 0-2: Ground out 6-3 (Groundball, 6, EV 86.3 MPH)
|
|
Batting: LHB Dave Sanchez
|
0-0: Foul Ball, location: 2F 0-1: Foul Ball, location: 2F 0-2: Ball 1-2: Ball 2-2: Ball 3-2: Foul Ball, location: 2F 3-2: Base on Balls
|
|
Batting: RHB Gerald Miller
|
0-0: Called Strike 0-1: Ball 1-1: Ball 2-1: Called Strike 2-2: Fly out, F5 (Flyball, 5D, EV 96.9 MPH)
|
|
Batting: LHB James Jennings
|
0-0: Ball 1-0: Ball 2-0: Called Strike 2-1: Ball 3-1: SINGLE (Line Drive, 5D, EV 105.0 MPH) Dave Sanchez to second
|
|
Batting: RHB Mike Sodders
|
0-0: Called Strike 0-1: Ball 1-1: Ball 2-1: Called Strike 2-2: Fly out, F7 (Flyball, 7, EV 96.3 MPH)
|
| Bottom of the 4th over - 1 run, 2 hits, 0 errors, 2 left on base; Memphis 0 - Round Rock 3 |
| TOP OF THE 5TH |
|
Memphis Blues batting - Pitching for Round Rock Express : RHP Jesus Laguna
|
|
Batting: RHB Bradley Shames
|
0-0: Ball 1-0: Foul Ball, location: 2F 1-1: Swinging Strike 1-2: Strikes out swinging
|
|
Batting: RHB William Muth
|
0-0: Foul Ball, location: 2F 0-1: Foul Ball, location: 2F 0-2: Ground out 5-3 (Groundball, 5L, EV 81.3 MPH)
|
|
Batting: RHB Mariano Duncan
|
0-0: Ball 1-0: Swinging Strike 1-1: Ball 2-1: Foul Ball, location: 2F 2-2: Ball 3-2: Foul Ball, location: 2F 3-2: Base on Balls
|
|
Batting: LHB John Robbins
|
0-0: Ball Mariano Duncan steals 2nd base 1-0: Called Strike 1-1: Ball 2-1: Fly out, F7 (Line Drive, 7, EV 105.6 MPH)
|
| Top of the 5th over - 0 runs, 0 hits, 0 errors, 1 left on base; Memphis 0 - Round Rock 3 |
| BOTTOM OF THE 5TH |
|
Round Rock Express batting - Pitching for Memphis Blues : RHP Salvador Flores
|
|
Batting: LHB Steve Lyons
|
0-0: Foul Ball, location: 2F 0-1: Ball 1-1: Called Strike 1-2: Strikes out looking
|
|
Batting: LHB Luis Armijo
|
0-0: Ball 1-0: Foul Ball, location: 2F 1-1: TRIPLE (Flyball, 9LD, EV 98.1 MPH)
|
|
Batting: RHB Alejandro Sanchez
|
0-0: Called Strike 0-1: Called Strike 0-2: Ball 1-2: Foul Ball, location: 2F 1-2: Ball 2-2: TRIPLE (Flyball, 9D, EV 104.4 MPH) Luis Armijo scores
|
|
Batting: LHB Al Chambers
|
0-0: Ball 1-0: Foul Ball, location: 2F 1-1: 2-RUN HOME RUN (Flyball, 9D, EV 104.4 MPH), Distance : 381 ft
|
|
Pitching: RHP Mark Humphrey
|
|
|
Batting: RHB Martyn Maxwell
|
0-0: Ball 1-0: Ball 2-0: Ball 3-0: Called Strike 3-1: Base on Balls
|
|
Batting: LHB Dave Sanchez
|
0-0: Ball 1-0: Called Strike 1-1: Grounds into double play, 4-6-3 (Groundball, 34, EV 85.6 MPH)
|
| Bottom of the 5th over - 3 runs, 3 hits, 0 errors, 0 left on base; Memphis 0 - Round Rock 6 |
| TOP OF THE 6TH |
|
Memphis Blues batting - Pitching for Round Rock Express : RHP Jesus Laguna
|
|
Batting: LHB David Christianson
|
0-0: Foul Ball, location: 2F 0-1: Ball 1-1: Ground out 4-3 (Groundball, 4, EV 106.3 MPH)
|
|
Batting: RHB Chris James
|
0-0: Called Strike 0-1: Ball 1-1: SOLO HOME RUN (Flyball, 89XD, EV 98.8 MPH), Distance : 427 ft
|
|
Batting: LHB Don Jacoby
|
0-0: Ball 1-0: Called Strike 1-1: Ground out 5-3 (Groundball, 56, EV 105.0 MPH)
|
|
Batting: RHB Augustine Garrett
|
0-0: Called Strike 0-1: Ball 1-1: Foul Ball, location: 2F 1-2: Strikes out looking
|
| Top of the 6th over - 1 run, 1 hit, 0 errors, 0 left on base; Memphis 1 - Round Rock 6 |
| BOTTOM OF THE 6TH |
|
Round Rock Express batting - Pitching for Memphis Blues : RHP Mark Humphrey
|
|
Batting: RHB Gerald Miller
|
0-0: Ball 1-0: Ball 2-0: Foul Ball, location: 2F 2-1: Called Strike 2-2: Ground out 6-3 (Groundball, 6, EV 87.5 MPH)
|
|
Batting: LHB James Jennings
|
0-0: Ball 1-0: Ball 2-0: Foul Ball, location: 2F 2-1: Ball 3-1: Base on Balls
|
|
Batting: RHB Mike Sodders
|
0-0: Ball 1-0: Swinging Strike 1-1: Grounds into double play, 4-6-3 (Groundball, 4MS, EV 83.8 MPH)
|
| Bottom of the 6th over - 0 runs, 0 hits, 0 errors, 0 left on base; Memphis 1 - Round Rock 6 |
| TOP OF THE 7TH |
|
Memphis Blues batting - Pitching for Round Rock Express : RHP Jesus Laguna
|
|
Batting: RHB Dave Penniall
|
0-0: Foul Ball, location: 2F 0-1: Ball 1-1: Ball 2-1: Ball 3-1: Foul Ball, location: 2F 3-2: SINGLE (Groundball, 56, EV 101.9 MPH)
|
|
Batting: RHB Bradley Shames
|
0-0: Ball 1-0: Ball 2-0: Foul Ball, location: 2F 2-1: Ball 3-1: Swinging Strike 3-2: Foul Ball, location: 2F 3-2: Base on Balls Dave Penniall to second
|
|
Pitching: RHP Mario Kaufman
|
|
|
Batting: RHB William Muth
|
0-0: Called Strike 0-1: Fly out, F9 (Flyball, 89M, EV 95.0 MPH)
|
|
Batting: RHB Mariano Duncan
|
0-0: Called Strike 0-1: Ball 1-1: SINGLE (Flyball, 6D, EV 86.3 MPH) Dave Penniall to third Bradley Shames to second
|
|
Batting: LHB John Robbins
|
0-0: Ball 1-0: SINGLE (Groundball, 56D, EV 101.3 MPH) Dave Penniall scores Bradley Shames to third Mariano Duncan to second
|
|
Batting: LHB David Christianson
|
0-0: Foul Ball, location: 2F 0-1: GRAND SLAM HOME RUN (Flyball, 9LD, EV 96.3 MPH), Distance : 348 ft
|
|
Pitching: RHP Jeff Keener
|
|
|
Batting: RHB Chris James
|
0-0: Foul Ball, location: 2F 0-1: Foul Ball, location: 2F 0-2: Ball 1-2: Strikes out looking
|
|
Batting: LHB Don Jacoby
|
0-0: Ground out 6-3 (Groundball, 6, EV 88.8 MPH)
|
| Top of the 7th over - 5 runs, 4 hits, 0 errors, 0 left on base; Memphis 6 - Round Rock 6 |
| BOTTOM OF THE 7TH |
|
Round Rock Express batting - Pitching for Memphis Blues : RHP Mark Humphrey
|
|
Batting: LHB Steve Lyons
|
0-0: Ball 1-0: Called Strike 1-1: Ground out 1-3 (Groundball, 34S, EV 70.6 MPH)
|
|
Batting: LHB Luis Armijo
|
0-0: Swinging Strike 0-1: DOUBLE (Line Drive, 89M, EV 105.6 MPH)
|
|
Batting: RHB Alejandro Sanchez
|
0-0: Ball 1-0: Ball 2-0: Called Strike 2-1: Fly out, F7 (Flyball, 7LM, EV 93.8 MPH)
|
|
Batting: LHB Al Chambers
|
0-0: Ball 1-0: Called Strike 1-1: Called Strike 1-2: Ball 2-2: Ball 3-2: Base on Balls
|
|
Batting: RHB Martyn Maxwell
|
0-0: Ball 1-0: Ball 2-0: Foul Ball, location: 2F 2-1: Fly out, F8 (Line Drive, 8RD, EV 105.0 MPH)
|
| Bottom of the 7th over - 0 runs, 1 hit, 0 errors, 2 left on base; Memphis 6 - Round Rock 6 |
| TOP OF THE 8TH |
|
Memphis Blues batting - Pitching for Round Rock Express : RHP Jeff Keener
|
|
Batting: RHB Augustine Garrett
|
0-0: Foul Ball, location: 2F 0-1: Ball 1-1: Foul Ball, location: 2F 1-2: Ball 2-2: Ball 3-2: SINGLE (Groundball, 4MD, EV 96.3 MPH)
|
|
Batting: RHB Dave Penniall
|
0-0: Ball Augustine Garrett steals 2nd base (no throw) 1-0: Foul Ball, location: 2F 1-1: Ball 2-1: Foul Ball, location: 2F 2-2: Foul Ball, location: 2F 2-2: SINGLE (Flyball, 89S, EV 95.0 MPH) Augustine Garrett to third Runner from 3rd tries for Home, SAFE, throw by RF to home
|
|
Pitching: RHP Bret Cleland
|
|
|
Batting: RHB Bradley Shames
|
0-0: Called Strike 0-1: Grounds into double play, 6-4-3 (Groundball, 6M, EV 93.8 MPH)
|
|
Batting: RHB William Muth
|
0-0: Ball 1-0: SOLO HOME RUN (Flyball, 7LD, EV 100.0 MPH), Distance : 366 ft
|
|
Batting: RHB Mariano Duncan
|
0-0: Ball 1-0: Fly out, F8 (Flyball, 8RD, EV 78.8 MPH)
|
| Top of the 8th over - 2 runs, 3 hits, 0 errors, 0 left on base; Memphis 8 - Round Rock 6 |
| BOTTOM OF THE 8TH |
|
Round Rock Express batting - Pitching for Memphis Blues : RHP Mark Humphrey
|
|
Batting: LHB Dave Sanchez
|
0-0: Ground out 6-3 (Groundball, 6, EV 104.4 MPH)
|
|
Batting: RHB Gerald Miller
|
0-0: Called Strike 0-1: Called Strike 0-2: Strikes out looking
|
|
Batting: LHB James Jennings
|
0-0: Swinging Strike 0-1: Ball 1-1: Foul Ball, location: 2F 1-2: Strikes out swinging, 2-3 out at first.
|
| Bottom of the 8th over - 0 runs, 0 hits, 0 errors, 0 left on base; Memphis 8 - Round Rock 6 |
| TOP OF THE 9TH |
|
Memphis Blues batting - Pitching for Round Rock Express : RHP Bret Cleland
|
|
Pitching: LHP Ronald Wrobel
|
|
|
Batting: LHB John Robbins
|
0-0: Ball 1-0: Ball 2-0: Ball 3-0: Base on Balls
|
|
Batting: LHB David Christianson
|
0-0: Ball 1-0: Foul Ball, location: 2F 1-1: Ball 2-1: 2-RUN HOME RUN (Flyball, 9D, EV 97.5 MPH), Distance : 376 ft
|
|
Batting: RHB Chris James
|
0-0: Ball 1-0: Swinging Strike 1-1: Foul Ball, location: 2F 1-2: Ball 2-2: SOLO HOME RUN (Flyball, 7D, EV 103.8 MPH), Distance : 357 ft
|
|
Batting: LHB Don Jacoby
|
0-0: Called Strike 0-1: Ball 1-1: Ground out 5-3 (Groundball, 5, EV 88.1 MPH)
|
|
Batting: RHB Augustine Garrett
|
0-0: Ball 1-0: Ball 2-0: Ball 3-0: Called Strike 3-1: Foul Ball, location: 2F 3-2: Base on Balls
|
|
Batting: RHB Dave Penniall
|
0-0: Ball 1-0: Called Strike 1-1: Foul Ball, location: 2F 1-2: Strikes out swinging
|
|
Batting: RHB Bradley Shames
|
0-0: Called Strike 0-1: Ball 1-1: Foul Ball, location: 2F 1-2: Fly out, F9 (Line Drive, 9, EV 89.4 MPH)
|
| Top of the 9th over - 3 runs, 2 hits, 0 errors, 1 left on base; Memphis 11 - Round Rock 6 |
| BOTTOM OF THE 9TH |
|
Round Rock Express batting - Pitching for Memphis Blues : RHP Mark Humphrey
|
|
Pitching: RHP Mark Huismann
|
|
|
Batting: RHB Mike Sodders
|
0-0: Called Strike 0-1: Foul Ball, location: 2F 0-2: Strikes out swinging
|
|
Batting: LHB Steve Lyons
|
0-0: Fly out, F7 (Line Drive, 7D, EV 93.8 MPH)
|
|
Batting: LHB Luis Armijo
|
0-0: Foul Ball, location: 2F 0-1: Ball 1-1: Foul Ball, location: 2F 1-2: Strikes out swinging
|
| Bottom of the 9th over - 0 runs, 0 hits, 0 errors, 0 left on base; Memphis 11 - Round Rock 6 |
|